 Dungeon Crawl Stone Soup version 0.31-a0-699-g830162fb6c (webtiles) character file.

Game seed: 3186726848793725866

3245 qw the Skirmisher (level 9, 0/59 HPs)
             Began as a Gargoyle Hunter on Sept 7, 2023.
             Slain by a killer bee (2 damage)
             ... on level 8 of the Dungeon.
             The game lasted 00:02:25 (6936 turns).

qw the Skirmisher (Gargoyle Hunter)                 Turns: 6936, Time: 00:02:26

Health: 0/59       AC: 12    Str: 16    XL:     9   Next: 99%
Magic:  9/9        EV: 13    Int: 11    God:
Gold:   389        SH:  0    Dex: 17    Spells: 8/8 levels left

rFire   + . .        b - +6 orcbow "Sicuat" {flame, Int+2}
rCold   . . .        (shield currently unavailable)
rNeg    + . .        g - +2 robe {rF+}
rPois   inf          n - +1 helmet
rElec   +            (no cloak)
rCorr   +            (no gloves)
SInv    +            (no boots)
Will    .....        e - amulet of faith
Stlth   ++           d - ring of resist corrosion
HPRegen 0.29/turn    k - ring of see invisible
MPRegen 0.11/turn

%: faith
@: about to teleport
A: sickness immunity, AC +6, negative energy resistance 1, electricity
resistance, torment resistance 1, petrification resistance
a: no special abilities


You were on level 8 of the Dungeon.
You visited 2 branches of the dungeon, and saw 9 of its levels.

You collected 456 gold pieces.
You spent 67 gold pieces at shops.


Innate Abilities, Weirdness & Mutations

You are immune to sickness and miasma.
Your stone body is resilient. (AC +6)
You are immune to poison.
You resist negative energy. (rN+)
You are resistant to electric shocks. (rElec)
You are resistant to unholy torment.
You are immune to petrification.


   Skills:
 - Level 8.0 Fighting
 + Level 11.9 Ranged Weapons
 - Level 1.0 Armour
 - Level 3.2 Dodging
 - Level 1.1 Stealth


You had 8 spell levels left.
You didn't know any spells.
Your spell library was empty.

Inventory:

Hand Weapons
 b - the +6 orcbow "Sicuat" (weapon) {flame, Int+2}
   (You acquired it on level 4 of the Dungeon)

   Int+2:     It affects your intelligence (+2).
Armour
 g - a +2 robe of fire resistance (worn)
 n - a +1 helmet (worn)
Jewellery
 d - a ring of resist corrosion (left hand)
 e - an amulet of faith (around neck)
 h - an amulet of the acrobat
 k - a ring of see invisible (right hand)
 o - a ring of see invisible
Scrolls
 i - a scroll of identify
 j - a scroll of teleportation
Potions
 a - 2 potions of haste
 c - a potion of heal wounds
 f - a potion of cancellation
 l - a potion of curing
 m - a potion of might

Dungeon Overview and Level Annotations

Branches:
Dungeon (8/15)             Temple (1/1) D:7
   Lair: D:8-11

Altars:
Ashenzari
Cheibriados
Dithmenos
Fedhas
Gozag
Hepliaklqana
Kikubaaqudgha
Makhleb
Nemelex Xobeh
Qazlal
Ru
Sif Muna
Uskayaw
Vehumet
Wu Jian
Xom
Yredelemnul
Zin
The Shining One

Shops:
D:6 [

Annotations:
D:4 2 runed translucent doors, qw's ghost, novice GrHu


Message History

The killer bee barely misses you. The killer bee stings you.
You shoot an arrow. The arrow hits the killer bee!
The arrow burns the killer bee.
The killer bee is heavily wounded.
The killer bee misses you. The killer bee closely misses you.
The killer bee stings you but does no damage.
The killer bee stings you. The killer bee barely misses you.
You shoot an arrow. The arrow misses the killer bee.
The arrow hits the killer bee!
The arrow burns the killer bee.
You kill the killer bee!
The killer bee stings you but does no damage.
The killer bee barely misses you. x3
You shoot an arrow.
The arrow closely misses the killer bee.
The killer bee stings you. The killer bee closely misses you.
The killer bee stings you.
The killer bee stings you but does no damage. x3
6933 ||| READING 2 scrolls of teleportation.
As you read the scroll of teleportation, it crumbles to dust.
You feel strangely unstable. The killer bee misses you.
The killer bee stings you. The killer bee closely misses you.
The killer bee misses you.
The killer bee stings you but does no damage.
The killer bee closely misses you.
6934 ||| DRINKING 2 potions of heal wounds.
You feel much better. The killer bee closely misses you.
The killer bee completely misses you.
The killer bee barely misses you. x2; The killer bee misses you. x2
You shoot an arrow. The arrow misses the killer bee.
The arrow hits the kobold!
The arrow burns the kobold.
You kill the kobold!
The killer bee misses you. The killer bee stings you.
The killer bee stings you but does no damage.
The killer bee stings you. The killer bee stings you!
The killer bee closely misses you.
You shoot an arrow. The arrow barely misses the killer bee.
The killer bee stings you.
The killer bee stings you but does no damage. x2
The killer bee stings you. x3
You die...

#...# #..<# #...#
#...# #...# #...#
#### #...# #...
#######...# #)...
#yy@#.....# #$...
#.yy#..)..#
#.....#).)#.....#
#....)#...#.....#
#...K.)...#.....#
#.?...#...#.....#
#.....#..#####'##
.....##..###...#
.....#.........#


You could see 4 killer bees.

Vanquished Creatures
  A troll (D:6)
  A hornet (D:6)
  Grinder (D:6)
  A wyvern (D:8)
  An acid dragon (D:6)
  2 water moccasins
  An ice beast (D:3)
  A black bear (D:4)
  An ogre (D:5)
  3 centaurs
  A phantom (D:4)
  2 kobold brigands
  5 scorpions
  2 gnoll sergeants (D:7)
  6 killer bees
  A howler monkey (D:6)
  4 orc priests
  2 hounds (D:5)
  A jelly (D:7)
  A gnoll bouda (D:7)
  Jessica (D:3)
  A sleepcap (D:7)
  3 iguanas
  3 orc wizards
  16 gnolls
  2 adders
  2 shadow imps (D:7)
  2 white imps (D:5)
  A worm (D:3)
  3 dart slugs
  28 orcs
  2 bats (D:3)
  7 endoplasms
  3 giant cockroaches
  10 goblins
  7 hobgoblins
  6 jackals (D:3)
  19 kobolds
  A quokka (D:1)
  7 ball pythons
  2 frilled lizards
  2 goblin skeletons (D:7)
  3 goblin zombies (D:7)
  A hobgoblin zombie (D:7)
  A kobold skeleton (D:7)
  An orc skeleton (D:7)
  2 orc zombies (D:7)
  3 rats
  A spectral orc (D:3)
178 creatures vanquished.

Notes
Turn   | Place    | Note
-------+----------+-------------------------------------------
     0 | D:1      | qw the Gargoyle Hunter began the quest for the Orb.
     0 | D:1      | Reached XP level 1. HP: 12/12 MP: 1/1
     0 | D:1      | 0 ||| qw: Version: 0.3-a-76-g4403597
     0 | D:1      | 0 ||| qw: Game counter: 423
     0 | D:1      | 0 ||| qw: Melee chars always use a shield: true
     0 | D:1      | 0 ||| qw: God list: Okawaru
     0 | D:1      | 0 ||| qw: Allow faded altars: false
     0 | D:1      | 0 ||| qw: Do Orc after clearing Dungeon:15 true
     0 | D:1      | 0 ||| qw: Do second Lair branch before Depths: true
     0 | D:1      | 0 ||| qw: Lair rune preference: random
     0 | D:1      | 0 ||| qw: Goals: Normal
     0 | D:1      | 0 ||| PLANNING D:1-11
   230 | D:1      | Reached XP level 2. HP: 17/17 MP: 2/2
   694 | D:1      | 694 ||| UPGRADING to amulet of faith.
   699 | D:1      | 699 ||| READING scroll labelled NUSMOR YLATIRR.
   700 | D:1      | 700 ||| DROPPING scroll of butterflies.
   714 | D:2      | 714 ||| STAIRDANCE
   744 | D:2      | Reached XP level 3. HP: 21/21 MP: 3/3
   756 | D:2      | Reached skill level 5 in Ranged Weapons
   841 | D:2      | 841 ||| RETREATING.
   842 | D:2      | 842 ||| Stepping ~*~*~tactically~*~*~ (outnumbered).
   871 | D:2      | Reached skill level 3 in Fighting
   871 | D:2      | Reached XP level 4. HP: 12/28 MP: 4/4
  1254 | D:2      | 1254 ||| READING scroll labelled MEOCIA YPODD.
  1257 | D:2      | 1257 ||| READING scroll labelled SOTAKK EP SOGUO.
  1258 | D:2      | 1258 ||| DRINKING 3 inky potions.
  1259 | D:2      | 1259 ||| DRINKING 2 yellow potions.
  1260 | D:2      | 1260 ||| DRINKING 2 fuming grey potions.
  1266 | D:3      | 1266 ||| RETREATING.
  1267 | D:3      | 1267 ||| RETREATING.
  1268 | D:3      | 1268 ||| STAIRDANCE
  1285 | D:3      | 1285 ||| STAIRDANCE
  1438 | D:3      | Found a basalt altar of Yredelemnul.
  1471 | D:3      | You fall into a shaft and drop 2 floors!
  1471 | D:5      | Entered Level 5 of the Dungeon
  1545 | D:5      | 1545 ||| UPGRADING to +0 ring mail.
  1555 | D:5      | 1555 ||| DROPPING +0 leather armour.
  1729 | D:3      | Reached skill level 1 in Armour
  1787 | D:3      | Reached XP level 5. HP: 29/32 MP: 5/5
  1794 | D:3      | 1794 ||| DRINKING potion of curing.
  1794 | D:3      | 1794 ||| (to cure confusion)
  1988 | D:3      | Noticed an ice beast
  1995 | D:3      | HP: 6/32 [ice beast (8)]
  2002 | D:3      | Killed an ice beast
  2003 | D:3      | Reached skill level 6 in Ranged Weapons
  2003 | D:3      | Reached XP level 6. HP: 10/37 MP: 6/6
  2204 | D:3      | Noticed Jessica
  2210 | D:3      | Killed Jessica
  2301 | D:3      | Found a stormy altar of Qazlal.
  2466 | D:3      | 2466 ||| UPGRADING to +2 robe of fire resistance.
  2476 | D:3      | 2476 ||| DROPPING +0 ring mail.
  2477 | D:3      | 2477 ||| READING scroll labelled GIOKKUA QAIVVI.
  2478 | D:3      | 2478 ||| READING scroll labelled NIVVER YNAGA.
  2667 | D:4      | Found a blossoming altar of Fedhas.
  2672 | D:4      | Found an opulent altar of Gozag.
  2673 | D:4      | Found a sacrificial altar of Ru.
  2845 | D:4      | Reached skill level 7 in Ranged Weapons
  2845 | D:4      | Reached XP level 7. HP: 44/44 MP: 7/7
  3193 | D:4      | Found a large runed translucent door.
  3194 | D:4      | Found a large runed translucent door.
  3198 | D:4      | Noticed qw's ghost (novice GrHu)
  3390 | D:4      | 3390 ||| READING scroll labelled YNTORYD DOSIA.
  3390 | D:4      | Identified a scroll of acquirement
  3390 | D:4      | 3390 ||| ACQUIRING +6 orcbow "Sicuat" {flame, Int+2}
  3390 | D:4      | Acquired the +6 orcbow "Sicuat" {flame, Int+2}
  3392 | D:4      | 3392 ||| SWAPPING to +6 orcbow "Sicuat" {flame, Int+2}.
  3393 | D:4      | 3393 ||| DROPPING +0 shortbow.
  3394 | D:4      | 3394 ||| READING scroll labelled SUXITZ WIEDAA.
  3395 | D:4      | 3395 ||| READING 3 scrolls of identify.
  3395 | D:4      | 3395 ||| IDENTIFYING golden potion
  3396 | D:4      | 3396 ||| READING 2 scrolls of identify.
  3396 | D:4      | 3396 ||| IDENTIFYING bubbling orange potion
  3397 | D:4      | 3397 ||| DROPPING potion of brilliance.
  3398 | D:4      | 3398 ||| DROPPING potion of attraction.
  3450 | D:5      | 3450 ||| FLEEEEING.
  3455 | D:5      | 3455 ||| STAIRDANCE
  3692 | D:5      | 3692 ||| RETREATING.
  3703 | D:5      | Reached skill level 8 in Ranged Weapons
  3922 | D:5      | Reached XP level 8. HP: 37/49 MP: 8/8
  4511 | D:5      | 4511 ||| READING scroll labelled JAEXKA CIELAE.
  4594 | D:6      | 4594 ||| PLANNING SEWER
  4686 | D:6      | Reached skill level 9 in Ranged Weapons
  4696 | D:6      | Noticed a troll
  4701 | D:6      | Killed a troll
  4702 | D:6      | Reached skill level 6 in Fighting
  4746 | D:6      | Noticed a hornet
  4750 | D:6      | Killed a hornet
  4778 | D:6      | 4778 ||| FLEEEEING.
  4792 | D:6      | Reached skill level 10 in Ranged Weapons
  4792 | D:6      | Reached XP level 9. HP: 47/56 MP: 9/9
  4898 | D:6      | Reached skill level 3 in Dodging
  5055 | D:6      | Found Kuastr Fowewk's Armour Shop.
  5063 | D:6      | 5063 ||| BUYING +0 helmet (67 gold).
  5063 | D:6      | Bought a +0 helmet for 67 gold pieces
  5063 | D:6      | 5063 ||| SHOPLISTING +1 helmet of see invisible (247 gold,
                  | have 214).
  5063 | D:6      | 5063 ||| SHOPLISTING +1 ring mail of cold resistance (240
                  | gold, have 214).
  5063 | D:6      | 5063 ||| SHOPLISTING +2 pair of slick slippers {slick,
                  | slippery, EV+4} (574 gold, have 214).
  5145 | D:6      | Noticed Grinder
  5153 | D:6      | Killed Grinder
  5218 | D:6      | 5218 ||| RIP SEWER
  5219 | D:6      | Found a broken altar of Ashenzari.
  5220 | D:6      | 5220 ||| PLANNING D:1-11
  5346 | D:6      | Found an ancient bone altar of Kikubaaqudgha.
  5655 | D:6      | 5655 ||| UPGRADING to +0 helmet.
  5660 | D:6      | 5660 ||| READING scroll of enchant armour.
  5660 | D:6      | 5660 ||| ENCHANTING +0 helmet.
  5661 | D:6      | 5661 ||| DRINKING 3 viscous black potions.
  5662 | D:6      | 5662 ||| READING 4 scrolls of identify.
  5662 | D:6      | 5662 ||| IDENTIFYING fuming pink potion
  5663 | D:6      | 5663 ||| READING 3 scrolls of identify.
  5663 | D:6      | 5663 ||| IDENTIFYING orange potion
  5664 | D:6      | 5664 ||| DROPPING potion of magic.
  5665 | D:6      | 5665 ||| DROPPING potion of degeneration.
  5766 | D:7      | 5766 ||| STAIRDANCE
  5771 | D:7      | 5771 ||| STAIRDANCE
  5896 | D:7      | 5896 ||| STAIRDANCE
  5922 | D:7      | Found a glowing golden altar of the Shining One.
  5956 | D:7      | Reached skill level 11 in Ranged Weapons
  6006 | D:7      | 6006 ||| Stepping ~*~*~tactically~*~*~ (retreating).
  6007 | D:7      | 6007 ||| Stepping ~*~*~tactically~*~*~ (retreating).
  6008 | D:7      | 6008 ||| Stepping ~*~*~tactically~*~*~ (retreating).
  6009 | D:7      | 6009 ||| Stepping ~*~*~tactically~*~*~ (retreating).
  6010 | D:7      | 6010 ||| Stepping ~*~*~tactically~*~*~ (retreating).
  6011 | D:7      | 6011 ||| Stepping ~*~*~tactically~*~*~ (retreating).
  6012 | D:7      | 6012 ||| Stepping ~*~*~tactically~*~*~ (retreating).
  6013 | D:7      | 6013 ||| RETREATING.
  6339 | D:7      | Found a radiant altar of Vehumet.
  6504 | D:7      | Found a staircase to the Ecumenical Temple.
  6505 | D:7      | 6505 ||| PLANNING TEMPLE
  6505 | D:7      | 6505 ||| UPGRADING to ring of resist corrosion.
  6506 | D:7      | 6506 ||| UPGRADING to ring of see invisible.
  6507 | D:7      | 6507 ||| READING 3 scrolls of identify.
  6507 | D:7      | 6507 ||| IDENTIFYING metallic inky potion
  6508 | D:7      | 6508 ||| DROPPING potion of invisibility.
  6517 | Temple   | Entered the Ecumenical Temple
  6518 | Temple   | 6518 ||| PLANNING D:1-11
  6639 | D:7      | 6639 ||| FLEEEEING.
  6640 | D:7      | 6640 ||| FLEEEEING.
  6641 | D:7      | 6641 ||| FLEEEEING.
  6644 | D:7      | 6644 ||| FLEEEEING.
  6645 | D:7      | 6645 ||| FLEEEEING.
  6647 | D:7      | 6647 ||| FLEEEEING.
  6648 | D:7      | 6648 ||| FLEEEEING.
  6649 | D:7      | 6649 ||| FLEEEEING.
  6650 | D:7      | 6650 ||| FLEEEEING.
  6651 | D:7      | 6651 ||| FLEEEEING.
  6652 | D:7      | 6652 ||| FLEEEEING.
  6653 | D:7      | 6653 ||| FLEEEEING.
  6654 | D:7      | 6654 ||| FLEEEEING.
  6655 | D:7      | 6655 ||| STAIRDANCE
  6732 | D:6      | 6732 ||| READING 2 scrolls of identify.
  6732 | D:6      | 6732 ||| IDENTIFYING purple potion
  6914 | D:8      | 6914 ||| Stepping ~*~*~tactically~*~*~ (retreating).
  6915 | D:8      | 6915 ||| Stepping ~*~*~tactically~*~*~ (retreating).
  6916 | D:8      | 6916 ||| Stepping ~*~*~tactically~*~*~ (retreating).
  6917 | D:8      | 6917 ||| Stepping ~*~*~tactically~*~*~ (retreating).
  6918 | D:8      | 6918 ||| Stepping ~*~*~tactically~*~*~ (retreating).
  6932 | D:8      | HP: 13/59 [killer bee (3)]
  6933 | D:8      | 6933 ||| READING 2 scrolls of teleportation.
  6934 | D:8      | 6934 ||| DRINKING 2 potions of heal wounds.
  6936 | D:8      | HP: 2/59 [killer bee (6)]
  6936 | D:8      | Slain by a killer bee

Levels and vault maps discovered:
D:1:      dpeg_arrival_pond, layout_basic
D:2:      layout_rooms, serial_aquarium, aquarium_bridge_long_joined
          [aquarium_subvault_bridge, aquarium_subvault_bridge,
          aquarium_subvault_bridge, aquarium_subvault_window,
          aquarium_subvault_window, aquarium_subvault_wall], aquarium_window_2,
          aquarium_window_corridor_1, aquarium_window_corner,
          aquarium_window_fake, aquarium_view_2b, aquarium_view_2f,
          aquarium_pool_four, minmay_hedge_maze
D:3:      layout_loops_corners, overflow_temple_1_default,
          yredelemnul_forgotten_temple_becter, uniq_jessica
D:4:      layout_basic, grunt_temple_overflow_open, ebering_ghost_disaster_area
D:5:      layout_basic
D:6:      layout_basic, nicolae_ashenzari_skybound, kiku_gazebo_pond_becter,
          portal_sewer_entry_c, serial_shops, nicolae_shop_statue_plus,
          uniq_grinder
D:7:      layout_basic, lemuel_tele_altar, nicolae_tso_besieged_by_evil,
          minmay_temple_entry_hall, nicolae_grassy_gnolls
D:8:      layout_gridville, mainiacjoe_overflow_boulevard, lair_entry_dummy
Temple:   nicolae_temple_two_arcs

Skill      XL: |  1  2  3  4  5  6  7  8  9 |
---------------+----------------------------+-----
Ranged Weapons | 5 6 7 8 10 11 | 11.9
Fighting       | 3 4 5 6 8 |  8.0
Armour         | 1 |  1.0
Dodging        | 2 3 |  3.2
Stealth        | |  1.1

Action                     |  1- 3 |  4- 6 |  7- 9 || total
---------------------------+-------+-------+-------++-------
   Fire: Shortbow          |    54 |   189 |    23 ||   266
         Orcbow            |       |       |   222 ||   222
    Use: Scroll            |     1 |     4 |    11 ||    16
         Potion            |       |     4 |     2 ||     6
 Armour: Leather armour    |    10 |    10 |       ||    20
         Ring mail         |       |    26 |       ||    26
         Robe              |       |    11 |   121 ||   132
  Dodge: Dodged            |    14 |    47 |   109 ||   170

Table legend:
 A = Non-vault XP
 B = Vault XP
 C = Vault XP percentage of total XP
 D = Non-vault monster count
 E = Vault monster count
 F = Vault count percentage of total count
                 A         B        C        D         E       F
            +---------+---------+-------+---------+---------+-------
      Total |    4125 |     512 |  11.0 |     157 |      21 |  11.8
            +---------+---------+-------+---------+---------+-------
        D:1 |      28 |       0 |   0.0 |      14 |       0 |   0.0
        D:2 |      77 |       0 |   0.0 |      20 |       0 |   0.0
        D:3 |     227 |      38 |  14.3 |      31 |       2 |   6.1
        D:4 |     392 |       0 |   0.0 |      18 |       0 |   0.0
        D:5 |     659 |       0 |   0.0 |      19 |       0 |   0.0
        D:6 |    1597 |     258 |  13.9 |      18 |       1 |   5.3
        D:7 |     711 |     216 |  23.3 |      27 |      18 |  40.0
        D:8 |     434 |       0 |   0.0 |      10 |       0 |   0.0
            +---------+---------+-------+---------+---------+-------
